 Dungeon Crawl Stone Soup version 0.28.0-45-g0d030f2227 (webtiles) character file.

Game seed: 4474493997361635253

1618 Kziril the Fighter (level 8, -2/55 HPs)
             Began as a Gargoyle Fighter on Apr 20, 2022.
             Was a Believer of Nemelex Xobeh.
             Slain by a centaur warrior zombie (3 damage)
             ... on level 5 of the Dungeon.
             The game lasted 00:10:22 (5262 turns).

Kziril the Fighter (Gargoyle Fighter)               Turns: 5262, Time: 00:10:22

Health: -2/55      AC: 13    Str: 20    XL:     8   Next: 96%
Magic:  8/8        EV:  9    Int:  9    God:    Nemelex Xobeh [**....]
Gold:   249        SH:  5    Dex: 11    Spells: 7/7 levels left

rFire   . . .      SeeInvis .   a - +0 flail
rCold   . . .      Faith    .   c - +0 buckler
rNeg    + . .      Spirit   .   b - +0 scale mail
rPois   ∞          Reflect  .   (no helmet)
rElec   +          Harm     .   (no cloak)
rCorr   .          Rampage  .   (no gloves)
Will    .....                   (no boots)
Stlth   ..........              g - amulet of magic regeneration
HPRegen 0.18/turn               (no ring)
MPRegen 0.51/turn               (no ring)

@: no status effects
A: sickness immunity, AC +5, negative energy resistance 1, electricity
resistance, torment resistance 1, petrification resistance
a: Renounce Religion, Draw Escape, Draw Destruction, Draw Summoning


You were on level 5 of the Dungeon.
You worshipped Nemelex Xobeh.
Nemelex Xobeh was pleased with you.
You visited 1 branch of the dungeon, and saw 6 of its levels.

You collected 249 gold pieces.

Inventory:

Hand Weapons
 a - a +0 flail (weapon)
Armour
 b - a +0 scale mail (worn)
 c - a +0 buckler (worn)
Jewellery
 g - an amulet of magic regeneration (around neck)
Wands
 n - a wand of acid (9)
 p - a wand of iceblast (8)
 q - a wand of paralysis (6)
Scrolls
 e - 3 scrolls of identify {unknown}
 h - a scroll of teleportation {unknown}
 i - 2 scrolls of noise {unknown}
Potions
 d - a potion of might
 f - 3 potions of heal wounds {unknown}
 j - a potion of resistance {unknown}
 l - a potion of flight {unknown}
 m - a potion of magic {unknown}
 o - 2 potions of attraction {unknown}


   Skills:
 * Level 8.3 Fighting
 + Level 5.2 Maces & Flails
 + Level 6.2 Armour
 + Level 6.3 Shields


You had 7 spell levels left.
You didn't know any spells.
Your spell library contained the following spells:

 Spells                   Type           Power      Damage    Failure   Level
 Animate Dead             Necr           0%         N/A       100%        4
 Haunt                    Necr/Summ      0%         N/A       100%        7
 Infestation              Necr           0%         N/A       100%        8


Dungeon Overview and Level Annotations

Branches:
Dungeon (6/15)
 Temple: D:4-7

Altars:
Nemelex Xobeh
Yredelemnul

Annotations:
D:5 Menkaure, Prince Ribbit


Innate Abilities, Weirdness & Mutations

You are immune to sickness and miasma.
Your stone body is resilient. (AC +5)
You are immune to poison.
You resist negative energy. (rN+)
You are resistant to electric shocks. (rElec)
You are resistant to unholy torment.
You are immune to petrification.


Message History

The centaur warrior zombie barely misses you.
You block the centaur warrior zombie's attack.
You draw a card...
You have drawn the Cloud.
Clouds appear around you!
The deck of cards disappears without a trace.
Unknown command.
Found a scroll labelled KEORHU ZEBRAL.
Found 2 gold pieces.
Prince Ribbit blinks!
Found 11 gold pieces and a glowing black potion.
Prince Ribbit barely misses you.
Found a ring mail.
Prince Ribbit hops awkwardly around.
Prince Ribbit barely misses you.
Prince Ribbit hits you but does no damage.
Found 15 gold pieces.
Prince Ribbit croaks regally.
You see here 11 gold pieces.
You block Prince Ribbit's attack.
Prince Ribbit blinks!
Prince Ribbit blinks!
You see here a black bear corpse.
The centaur warrior zombie barely misses you.
You block the centaur warrior zombie's attack.
Prince Ribbit blinks!
Prince Ribbit blinks!
Prince Ribbit hops awkwardly around.
You block the centaur warrior zombie's attack.
The centaur warrior zombie kicks you but does no damage.
Prince Ribbit blinks!
Prince Ribbit hits you.
* * * LOW HITPOINT WARNING * * *
You see here a water moccasin corpse.
Prince Ribbit lets out a mournful croak.
Prince Ribbit blinks!
You block the centaur warrior zombie's attack.
The centaur warrior zombie barely misses you.
The centaur warrior zombie hits you.
* * * LOW HITPOINT WARNING * * *
The centaur warrior zombie kicks you.
You die...
Your body disappears without a glow.

##.# ... #.#+##
###.# #######
#....# #....
#.....# ##...#
#.#.# #.....#
#...# #....
#.....# #F>.#
###.. #.....#
#...# ..##
#.....# #Z..#
....
#.....####@..#
.....
#.....##..#+##
.....
####......#..#
....
#.........#..#
....
####.........#..#
.........#...#..#
####)....#.###..#
##
#........(...#.#
#.
#.....#.##...#.#
#.


You could see Prince Ribbit and a centaur warrior zombie.

Vanquished Creatures
  Pikel (D:5)
  A water moccasin (D:5)
  A sky beast (D:4)
  2 black bears
  2 necrophages (D:4)
  2 hounds
  A jelly (D:5)
  2 centaur skeletons (D:5)
  A centaur zombie (D:4)
  An orc priest (D:4)
  2 bullfrog skeletons (D:5)
  Terence (D:2)
  An iguana (D:5)
  3 hound skeletons (D:4)
  6 adders
  15 gnolls
  3 dart slugs
  4 orcs
  7 ball pythons
  7 endoplasms
  3 giant cockroaches
  5 goblins
  4 hobgoblins
  15 jackals
  5 quokkas
  8 bats
  4 frilled lizards
  3 kobolds
  8 rats
118 creatures vanquished.

Notes
Turn   | Place    | Note
-------+----------+-------------------------------------------
     0 | D:1      | Kziril the Gargoyle Fighter began the quest for the Orb.
     0 | D:1      | Reached XP level 1. HP: 14/14 MP: 1/1
   282 | D:1      | Reached XP level 2. HP: 20/20 MP: 2/2
   462 | D:1      | Reached XP level 3. HP: 21/24 MP: 3/3
   586 | D:1      | Found a faded altar of an unknown god.
   732 | D:1      | Reached skill level 4 in Fighting
   960 | D:1      | Prayed at the altar of an unknown god.
   960 | D:1      | Became a worshipper of Nemelex Xobeh the Trickster
   960 | D:1      | Reached * piety under Nemelex Xobeh
   960 | D:1      | Received a gift from Nemelex Xobeh
  1290 | D:2      | Reached XP level 4. HP: 11/29 MP: 4/4
  1740 | D:2      | Noticed Terence
  1783 | D:2      | Killed Terence
  1784 | D:2      | Reached XP level 5. HP: 16/34 MP: 5/5
  2496 | D:3      | Reached ** piety under Nemelex Xobeh
  3094 | D:3      | Received a gift from Nemelex Xobeh
  3347 | D:4      | Reached skill level 5 in Fighting
  3442 | D:4      | Reached XP level 6. HP: 40/40 MP: 6/6
  3516 | D:4      | Found a basalt altar of Yredelemnul.
  3518 | D:4      | Noticed a necrophage
  3533 | D:4      | Killed a necrophage
  3821 | D:4      | Noticed a black bear
  3831 | D:4      | Killed a black bear
  3832 | D:4      | Reached XP level 7. HP: 33/45 MP: 7/7
  4110 | D:4      | Reached skill level 6 in Fighting
  4146 | D:4      | Reached skill level 5 in Shields
  4299 | D:4      | Reached skill level 5 in Armour
  4419 | D:5      | Entered Level 5 of the Dungeon
  4422 | D:5      | Noticed Menkaure
  4424 | D:5      | Noticed Prince Ribbit
  4812 | D:5      | Noticed Pikel
  4821 | D:5      | Paralysed by Pikel for 7 turns
  4843 | D:5      | Paralysed by Pikel for 2 turns
  4851 | D:5      | Killed Pikel
  4852 | D:5      | Reached skill level 7 in Fighting
  4852 | D:5      | Reached XP level 8. HP: 12/54 MP: 8/8
  5166 | D:5      | Reached skill level 8 in Fighting
  5166 | D:5      | Reached skill level 5 in Maces & Flails
  5228 | D:5      | HP: 1/55 [centaur warrior zombie (5)]
  5249 | D:5      | HP: 1/55 [Prince Ribbit (4)]
  5262 | D:5      | HP: 1/55 [centaur warrior zombie (2)]
  5262 | D:5      | Slain by a centaur warrior zombie

Illustrated notes

Levels and vault maps discovered:
D:1:      dpeg_arrival_subterranean_lakeside_camping, layout_loops_ring,
          basic_ecumenical_altar
D:2:      layout_loops_ring, nicolae_figureground_sparkle, uniq_terence
D:3:      layout_basic, kennysheep_generic_room_16
D:4:      layout_rooms, nicolae_overflow_crystal_walls,
          nicolae_concentric_dashed_squares_wild, kennysheep_dice
D:5:      cheibrodos_quashed, layout_basic, lemuel_temple_firewalk_b,
          uniq_pikel, uniq_prince_ribbit1, uniq_menkaure, uniq_edmund, uniq_ijyb
D:6:      layout_basic, demons_altar, amethyst_overflow_temple_binary,
          nicolae_ossuary_entry_ruins, serial_shops,
          nicolae_shop_advertising_works [nicolae_subvault_shop_adworks],
          uniq_grinder, uniq_crazy_yiuf_cottage

Skill      XL: |  1  2  3  4  5  6  7  8 |
---------------+-------------------------+-----
Fighting       | 4 5 7 8 |  8.3
Shields        | 4 5 6 |  6.3
Armour         | 4 5 6 |  6.2
Maces & Flails | 3 4 5 |  5.2

Action                   |  1- 3 |  4- 6 |  7- 9 || total
-------------------------+-------+-------+-------++-------
Melee: Flail             |    98 |   204 |   210 ||   512
Invok: Draw Destruction  |     2 |     4 |       ||     6
       Draw Escape       |       |       |     2 ||     2
  Use: Potion            |       |       |     1 ||     1
Armor: Scale mail        |    63 |   128 |   138 ||   329
Dodge: Dodged            |    63 |   109 |    98 ||   270
Block: Buckler           |    27 |    63 |    78 ||   168
